 Dungeon Crawl Stone Soup version 0.30-a0-709-gcdc1b43e22 (webtiles) character file.

Game seed: 3313994289855945589

1428 Fenrisus the Covered (level 8, -2/73 HPs)
             Began as an Armataur Fighter on Jan 22, 2023.
             Slain by a human
             ... wielding a +2 heavy hand axe
              (9 damage)
             ... in a bailey.
             The game lasted 00:12:23 (3189 turns).

Fenrisus the Covered (Armataur Fighter)             Turns: 3189, Time: 00:12:24

Health: -2/73      AC:  9    Str: 24    XL:     8   Next: 44%
Magic:  8/8        EV:  7    Int:  9    God:
Gold:   167        SH:  5    Dex:  9    Spells: 7/7 levels left

rFire   . . .      SeeInvis .    a - +0 long sword
rCold   . . .      Faith    .    c - +0 buckler
rNeg    + . .      Spirit   .    b - +0 scale mail
rPois   .          Reflect  .    (no helmet)
rElec   .          Harm     .    r - +0 cloak
rCorr   .          Roll     +    (no gloves)
Will    .....                    (no barding) Stlth
                                 (no amulet)
HPRegen 0.32/turn                p - +4 ring of slaying
MPRegen 0.11/turn                m - ring of positive energy

@: studying Fire Magic
A: large, rugged brown scales 3, deformed body, armoured tail, roll, long
tongue, awkward tongue
a: no special abilities


You were in a bailey.
You visited 1 branch of the dungeon, and saw 5 of its levels.
You also visited: Bailey.

You collected 167 gold pieces.

Inventory:

Hand Weapons
 a - a +0 long sword (weapon)
 q - a +4 quarterstaff of chaos
 s - a +0 hammer
Armour
 b - a +0 scale mail (worn)
 c - a +0 buckler (worn)
 r - a +0 cloak (worn)
Jewellery
 d - a ring of see invisible
 j - a ring of fire
 m - a ring of positive energy (right hand)
 p - a +4 ring of slaying (left hand)
Scrolls
 e - a scroll of enchant armour {unknown}
 f - a scroll of fear
 h - a scroll of blinking
 k - a scroll of identify
 t - a scroll of noise {unknown}
Potions
 g - a potion of cancellation {unknown}
 i - a potion of brilliance
 l - a potion of haste {unknown}
 n - a potion of flight {unknown}
 o - a potion of mutation {unknown}
 v - 2 potions of attraction {unknown}


   Skills:
 + Level 5.5 Fighting
 + Level 5.0 Long Blades
 + Level 7.2 Armour
 + Level 6.6 Shields


You had 7 spell levels left.
You didn't know any spells.
Your spell library contained the following spells:

 Spells                   Type           Power      Damage    Failure   Level
 Sting                    Tmut/Pois      0%         1d3       73%         1
 Poisonous Vapours        Pois/Air       0%         N/A       86%         2
 Dazzling Flash           Conj/Hex       0%         N/A       97%         3
 Ignite Poison            Fire/Tmut/Pois 0%         N/A       97%         3
 Iskenderun's Mystic Bla  Conj/Tloc      0%         2d3       100%        4
 Olgreb's Toxic Radiance  Pois           0%         N/A       100%        4
 Sticky Flame             Conj/Fire      0%         2d3       100%        4
 Starburst                Conj/Fire      0%         6d3       100%        6
 Ignition                 Fire           0%         3d3       100%        8


Dungeon Overview and Level Annotations

Branches:
Dungeon (4/15)             Bailey (1/1)
 Temple: D:4-7

Altars:
Sif Muna
Trog


Innate Abilities, Weirdness & Mutations

You are completely covered in rugged brown scales. (AC +3, +7% HP)
Armour fits poorly on your strangely shaped body.
You have a long armoured tail.
You roll when moving toward enemies. (Rampage)
Your long tongue fully drains potion bottles. (2x potion effects)
Your tongue gives you trouble enunciating. (1.5x scroll delay)


Message History

The human barely misses you. The human hits you but does no damage.
The goblin barely misses you. You block the hobgoblin's attack.
The goblin hits you but does no damage.
You are too injured to fight recklessly!
You block the goblin's attack.
There is an open door here.
You are too injured to fight recklessly!
You are too injured to fight recklessly!
You are too injured to fight recklessly!
You are too injured to fight recklessly!
You slurp down every last drop of the potion of heal wounds!
You feel much better.
You hit the human.
The human is lightly wounded.
The human hits you with a +2 heavy hand axe.
The human barely misses you.
You miss the human.
Your tail-slap misses the human.
The human is lightly wounded.
The human hits you with a +0 war axe!
The human hits you with a +2 heavy hand axe!
You slash the human! You tail-slap the human.
The human is heavily wounded.
The human hits you with a +0 war axe. The human hits you but does no damage.
You barely miss the human.
The human is heavily wounded.
The human hits you with a +0 war axe.
You hit the human.
The human is severely wounded.
The human hits you with a +0 war axe!
The human hits you with a +2 heavy hand axe!
The human hits you with a +0 war axe.
You barely miss the human.
Your tail-slap misses the human.
The human is severely wounded.
The human hits you with a +2 heavy hand axe!
* * * LOW HITPOINT WARNING * * *
The human hits you but does no damage.
You slash the human! You tail-slap the human.
You kill the human!
The human hits you with a +2 heavy hand axe!
You die...

## ##. #.. #..
#..##
#...######
#####.......#
##...##g.....#
#..∩.@gp...#+#
#....p######
#..∩..†~~~#
##...##~~~~#
##### ~~~~+
~~~# ~~## ##


You could see 2 humans and 2 goblins.

Vanquished Creatures
  Pikel (D:4)
  Sigmund (D:3)
  A human (Bailey)
  The ghost of Dwachs the Chiller, an amateur DrIE (D:3)
  4 bullfrogs (Bailey)
  A scorpion (D:4)
  Crazy Yiuf (D:3)
  A water moccasin simulacrum (D:3)
  An iguana (D:4)
  Natasha (thrice) (D:2)
  A scorpion simulacrum (D:3)
  8 gnolls (D:4)
  6 adders
  A hound simulacrum (D:3)
  3 worms (D:2)
  2 dart slugs
  3 orcs
  4 endoplasms
  6 giant cockroaches
  5 goblins
  5 hobgoblins
  4 jackals
  6 kobolds
  5 quokkas
  A ball python (D:1)
  7 bats
  6 frilled lizards
  A jackal simulacrum (D:3)
  6 rats
95 creatures vanquished.

Vanquished Creatures (collateral kills)
  A hound simulacrum (D:3)
1 creature vanquished.

Grand Total: 96 creatures vanquished

Notes
Turn   | Place    | Note
-------+----------+-------------------------------------------
     0 | D:1      | Fenrisus the Armataur Fighter began the quest for the Orb.
     0 | D:1      | Reached XP level 1. HP: 19/19 MP: 1/1
   126 | D:1      | Reached XP level 2. HP: 21/26 MP: 2/2
   553 | D:1      | Reached skill level 4 in Armour
   803 | D:2      | Reached XP level 3. HP: 33/33 MP: 3/3
   897 | D:2      | Found a faded altar of an unknown god.
   935 | D:2      | Reached XP level 4. HP: 26/40 MP: 4/4
  1053 | D:2      | Noticed Natasha
  1055 | D:2      | Killed Natasha
  1121 | D:2      | Noticed Natasha
  1135 | D:2      | Killed Natasha
  1139 | D:2      | Noticed Natasha
  1152 | D:2      | Killed Natasha
  1153 | D:2      | Reached XP level 5. HP: 22/48 MP: 5/5
  1450 | D:3      | Found a runed translucent door.
  1451 | D:3      | Noticed Crazy Yiuf
  1460 | D:3      | Killed Crazy Yiuf
  1602 | D:3      | Found a shimmering blue altar of Sif Muna.
  1623 | D:3      | Noticed Sigmund
  1632 | D:3      | Killed Sigmund
  1633 | D:3      | Reached skill level 5 in Armour
  1633 | D:3      | Reached XP level 6. HP: 30/55 MP: 6/6
  1902 | D:3      | Noticed Dwachs's ghost (amateur DrIE)
  1989 | D:3      | Found a runed translucent gate.
  1989 | D:3      | Found a runed translucent gate.
  1989 | D:3      | Found a runed translucent gate.
  2063 | D:3      | Killed Dwachs's ghost
  2064 | D:3      | Reached skill level 5 in Shields
  2076 | D:3      | Reached XP level 7. HP: 64/64 MP: 7/7
  2446 | D:4      | Noticed Pikel
  2542 | D:4      | Killed Pikel
  2543 | D:4      | Reached skill level 5 in Fighting
  2543 | D:4      | Reached skill level 6 in Armour
  2543 | D:4      | Reached XP level 8. HP: 39/72 MP: 8/8
  2803 | D:4      | Found a bloodstained altar of Trog.
  2912 | D:4      | You fall into a shaft and drop 3 floors!
  2912 | D:7      | Found a flagged portal.
  3050 | Bailey   | Entered a bailey
  3057 | Bailey   | Reached skill level 7 in Armour
  3073 | Bailey   | Reached skill level 5 in Long Blades
  3189 | Bailey   | Slain by a human

Illustrated notes

Levels and vault maps discovered:
D:1:      dpeg_arrival_prison, layout_basic
D:2:      layout_rooms, basic_ecumenical_altar, uniq_natasha
D:3:      layout_loops_ring, led_sif_book, gammafunk_ghost_icy,
          dreamdust_princess_corridor, uniq_sigmund, uniq_crazy_yiuf_cottage
D:4:      layout_rooms, trog_three_pillars_becter, uniq_edmund, uniq_pikel
D:7:      layout_loops_ring, mainiacjoe_overflow_alcove_2,
          minmay_temple_entry_statues_pillars, enter_bailey_2
Bailey:   bailey_axe_froggy_fort_hellmonk, bailey

Skill      XL: |  1  2  3  4  5  6  7  8 |
---------------+-------------------------+-----
Long Blades    | 2 3 4 5 |  5.0
Armour         | 4 5 6 7 |  7.2
Fighting       | 3 4 5 |  5.5
Shields        | 4 5 6 |  6.6

Action                     |  1- 3 |  4- 6 |  7- 9 || total
---------------------------+-------+-------+-------++-------
  Melee: Long sword        |    94 |   111 |   112 ||   317
         Tailslap          |     4 |    17 |    23 ||    44
    Use: Scroll            |       |     6 |     2 ||     8
         Potion            |       |     2 |     5 ||     7
 Armour: Scale mail        |    73 |    45 |    75 ||   193
  Dodge: Dodged            |    54 |    32 |    52 ||   138
  Block: Buckler           |    27 |    26 |    43 ||    96

Table legend: (Time is in decaauts)
 A = Elapsed time spent in this place.
 B = Non-inter-level travel time spent in this place.
 C = Inter-level travel time spent in this place.
 D = Time resting spent in this place.
 E = Time spent auto-exploring this place.
 F = Levels seen in this place.
 G = Mean time per level.
                   A        B        C        D        E       F      G
               +--------+--------+--------+--------+--------+-----+--------+
         Total |   3277 |   2375 |    902 |    866 |    787 |   6 |  546.2 |
       Dungeon |   3133 |   2231 |    902 |    765 |    787 |   5 |  626.6 |
        Bailey |    144 |    144 |      0 |    101 |      0 |   1 |  144.0 |
               +--------+--------+--------+--------+--------+-----+--------+

Top non-repeatable levels by time:
     D:3: 1056 daAuts
     D:1: 804 daAuts
     D:2: 640 daAuts
     D:4: 494 daAuts
  Bailey: 144 daAuts
     D:7: 137 daAuts
